 Dungeon Crawl Stone Soup version 0.17-a0-157-g289cc6a (webtiles) character file.

192576 Herrn the Severer (level 19, 0/170 HPs)
             Began as a Formicid Fighter on Mar 26, 2015.
             Was a High Priest of Okawaru.
             Killed by the air
             ... invoked by a spriggan air mage
             ... led by a spriggan defender
              (12 damage)
             ... on level 1 of the Depths.
             The game lasted 02:51:16 (38285 turns).

Herrn the Severer (Formicid Fighter)               Turns: 38285, Time: 02:51:16

Health: 0/170      AC: 18    Str: 31    XL:     19   Next: 40%
Magic:  41/41      EV: 18    Int:  9    God:    Okawaru [*****.]
Gold:   3201       SH: 17    Dex: 10    Spells: 4 memorised, 15 levels left

rFire  + . .     SeeInvis +     V - +5 battleaxe (freeze)
rCold  + . .     Clarity  +     W - +2 ring mail {rF+}
rNeg   + + .     SustAb   .     G - +0 shield {reflect}
rPois  .         Gourm    .     (helmet unavailable)
rElec  +         Spirit   .     z - +2 cloak of the Komtur {rElec MP+9 Stlth+}
rCorr  .         Warding  .     H - +0 pair of gloves {Str+3}
rMut   .         Stasis   +     r - +0 pair of boots
MR     ++++.                    A - amulet of the Four Winds {Clar rN+ MR+++}
Stlth  +++.......               v - ring of protection from cold
                                m - ring of positive energy

@: heroism, incredibly resistant to hostile enchantments, fairly stealthy
A: permanent stasis, dig shafts and tunnels, four strong arms, antennae 3,
robust 1
a: Dig, Shaft Self, Heroism, Renounce Religion


You were on level 1 of the Depths.
You worshipped Okawaru.
Okawaru was extremely pleased with you.
You were not hungry.

You visited 6 branches of the dungeon, and saw 32 of its levels.
You visited 1 bazaar.
You also visited: Labyrinth, Sewer and Ossuary.

You collected 4316 gold pieces.
You spent 1115 gold pieces at shops.

Inventory:

Hand weapons
 n - a +4 battleaxe of venom
 O - a +0 war axe of flaming
 V - a +5 battleaxe of freezing (weapon)
 X - a +1 battleaxe of chopping
 Z - a +1 executioner's axe of pain
Armour
 e - the +0 pair of gloves "Bukaleng" {rElec rPois rF- Stlth+}
   (Okawaru gifted it to you on level 1 of the Depths)

   It makes you vulnerable to fire.
   It insulates you from electricity.
   It protects you from poison.
   It makes you more stealthy.
 r - a +0 pair of boots (worn)
 z - the +2 cloak of the Komtur (worn) {rElec MP+9 Stlth+}
   (You bought it in a shop on level 4 of the Orcish Mines)

   It insulates you from electricity.
   It affects your magic capacity (+9).
   It makes you more stealthy.
 G - a +0 shield of reflection (worn)
 H - a +0 pair of gloves of strength (worn)
 T - a troll hide
 W - a +2 ring mail of fire resistance (worn)
 Y - the +12 chain mail "Gawkosm" {rCorr Str+5}
   (You found it on level 13 of the Dungeon)

   It affects your strength (+5).
   It protects you from acid and corrosion.
Jewellery
 m - a ring of positive energy (left hand)
 q - an uncursed ring of protection from magic
 v - a ring of protection from cold (right hand)
 w - an uncursed amulet of warding
 A - the amulet of the Four Winds (around neck) {Clar rN+ MR+++}
   (You found it on level 8 of the Lair of Beasts)

   [amulet of clarity]

   It provides mental clarity.
   It protects you from negative energy.
   It affects your resistance to hostile enchantments.
 P - the ring of Thraokoq {+/*Tele rElec Dex+3 Stlth+}
   (You took it off a deep elf blademaster on level 3 of the Elven Halls)

   [ring of teleportation]

   It causes random teleportation, and can be evoked to teleport at will.
   It affects your dexterity (+3).
   It insulates you from electricity.
   It makes you more stealthy.
Magical devices
 b - a wand of fire (9)
 F - a wand of teleportation (5)
 Q - a wand of disintegration (9)
 U - a wand of cold (1)
Scrolls
 a - 3 scrolls of amnesia
 c - a scroll of silence
 h - 4 scrolls of recharging
 j - 4 scrolls of fear
 l - 9 scrolls of remove curse
 s - 4 scrolls of enchant weapon
 t - 2 scrolls of identify
 C - 6 scrolls of fog
 I - a scroll of holy word
 K - 3 scrolls of enchant armour
 S - a scroll of magic mapping
Potions
 f - 5 potions of cancellation
 g - 3 potions of invisibility
 i - 2 potions of flight
 p - 14 potions of curing
 u - 8 potions of brilliance
 B - a potion of beneficial mutation
 E - 2 potions of restore abilities
 J - 2 potions of cure mutation
 N - 3 potions of resistance
 R - 2 potions of magic
Comestibles
 d - 16 bread rations
 k - 6 beef jerkies
 o - 3 royal jellies
 x - 16 meat rations
 M - a fruit


   Skills:
 * Level 15.3(20.3) Fighting
 + Level 17.7(22.7) Axes
 * Level 12.7(17.7) Armour
 * Level 10.0(15.0) Dodging
 * Level 16.0(21.0) Shields
 - Level 6.0 Spellcasting
 * Level 9.2 Summonings
 - Level 8.3 Invocations


You had 15 spell levels left.
You knew the following spells:

 Your Spells              Type           Power        Failure   Level  Hunger
a - Recall                Summ/Tloc      N/A          14%         3    ###....
b - Summon Forest         Summ/Tloc      ##........   93%         5    ######.
c - Summon Butterflies    Summ           ###.....     1%          1    None
d - Monstrous Menagerie   Summ           ###.......   89%         6    #######


Dungeon Overview and Level Annotations

Branches:
Dungeon (15/15)            Temple (1/1) D:7            Lair (8/8) D:8
 Shoals (0/5) Lair:3        Snake (0/5) Lair:3        Slime (0/6) Lair:7
    Orc (4/4) D:11            Elf (3/3) Orc:3        Vaults (0/5) D:13
 Depths (1/5) D:15

Altars:
Ashenzari
Cheibriados
Dithmenos
Elyvilon
Fedhas
Gozag
Kikubaaqudgha
Makhleb
Nemelex Xobeh
Okawaru
Qazlal
Ru
Sif Muna
Trog
Vehumet
Xom
Yredelemnul
Zin
The Shining One

Shops:
D:12 ?   D:14 *   Orc:2 (   Orc:4 **?:   Elf:3 (

Portals:
Abyss: D:14


Innate Abilities, Weirdness & Mutations

You are under a permanent stasis effect.
You can dig through walls and to a lower floor.
Your four strong arms can wield two-handed weapons with a shield.
You have a pair of large antennae on your head (SInv).
You are robust (+10% HP).


Message History

The yaktaur unwields an uncursed arbalest.
The yaktaur barely misses you.
The yaktaur unwields an uncursed arbalest.
You block the yaktaur's attack.
The spriggan air mage waves its arms in wide circles.
The air twists around and strikes you!
You hit the yaktaur!! You freeze the yaktaur.
You kill the yaktaur!
Okawaru accepts your kill.
You hit the yaktaur! You freeze the yaktaur.
The yaktaur is moderately wounded.
Unknown command.
You hit the yaktaur! You freeze the yaktaur!
The yaktaur is almost dead.
The yaktaur misses you.
You hit the yaktaur. You freeze the yaktaur.
The yaktaur is almost dead.
The spriggan air mage waves its arms in wide circles.
The air twists around and strikes you!
You die...

#i##'#....#
.#.......#
i.......#
#....{.{#
#.......# #
#.{..{..#
.....##'######
#...Hcic)#
###########@#
#........##.#
#........##.#
#..≈.≈≈..##.#
#...§.≈..'..#
#..≈.§...'..#
#..≈≈.≈.§##'##
#........#...#
#........#.(.#


You could see a minotaur, a spriggan air mage and 2 yaktaurs.

Vanquished Creatures
  Nikola (Elf:2)
  2 deep elf blademasters (Elf:3)
  Rupert (D:13)
  Agnes (Elf:2)
  Donald (D:13)
  Wiglaf (Elf:3)
  A fire giant (Depths:1)
  2 frost giants (Depths:1)
  2 emperor scorpions
  2 very ugly things (Depths:1)
  A stone giant (Depths:1)
  11 deep elf demonologists
  2 dire elephants (Depths:1)
  8 deep elf annihilators
  An ettin (Depths:1)
  Snorg (Lair:4)
  3 deep elf death magi (Elf:3)
  A fire dragon (Depths:1)
  2 deep elf high priests (Elf:3)
  A minotaur (Lab)
  An ice dragon (Depths:1)
  Fannar (Lair:3)
  Harold (Lair:3)
  2 yaktaur captains
  Nessos (Orc:3)
  8 hydras
  A catoblepas (D:15)
  4 rakshasas (Depths:1)
  Erica (D:10)
  17 dancing weapons (Elf:2)
  2 deep troll shamans (Depths:1)
  A hell beast (Elf:3)
  A death yak (Depths:1)
  4 orc high priests
  2 tengu warriors (Depths:1)
  4 centaur warriors
  A spriggan berserker (Depths:1)
  An iron troll (Depths:1)
  Nergalle (Lair:3)
  13 deep elf knights
  A sea snake (shapeshifter) (Depths:1)
  A skeletal warrior (D:13)
  An ice devil (Elf:3)
  3 deep trolls (Depths:1)
  5 unseen horrors
  An unseen horror (shapeshifter) (Elf:2)
  A death drake (shapeshifter) (Elf:3)
  15 deep elf summoners
  Pikel (D:9)
  A wolf spider zombie (D:14)
  14 deep elf conjurers
  5 hill giants
  A cyclops (D:13)
  2 orc sorcerers (Orc:4)
  16 ugly things
  6 griffons
  2 manticores
  A rust devil (Orc:4)
  2 wizards (Depths:1)
  A faun (shapeshifter) (Elf:2)
  Maurice (D:11)
  6 black mambas
  An elephant (shapeshifter) (Elf:2)
  Joseph (D:9)
  4 centaur zombies
  35 elephants
  A gargoyle (D:12)
  A yaktaur (Depths:1)
  9 spiny frogs
  An efreet (D:11)
  A guardian serpent (shapeshifter) (D:12)
  4 komodo dragons
  7 centaur skeletons
  A kobold demonologist (D:11)
  2 fire drakes (Lair:8)
  2 demonic crawlers (Elf:1)
  A spriggan druid (Lair:8)
  10 trolls
  17 deep elf priests
  5 two-headed ogres
  A merfolk (shapeshifter) (Depths:1)
  9 polar bears (Lair:8)
  Prince Ribbit (D:9)
  A blue devil (Orc:4)
  3 jumping spiders (Elf:1)
  22 blink frogs
  3 ravens (Depths:1)
  20 slime creatures
  6 basilisks
  A wandering mushroom (D:7)
  A shadow (D:13)
  3 tarantellas
  2 water elementals (Depths:1)
  3 wyverns
  11 spriggans
  12 redbacks
  A wraith (D:13)
  38 yaks
  5 hippogriffs
  28 deep elf magi
  3 hungry ghosts
  4 fire bats (Depths:1)
  16 humans
  25 wolves
  29 deep elf fighters
  4 vampire mosquitoes (D:13)
  2 soldier ants
  5 wargs
  A mottled dragon (D:11)
  12 porcupines
  10 water moccasins
  8 ice beasts
  3 wasps (Lair:8)
  26 orc warriors
  4 phantoms
  2 sky beasts
  6 black bears
  2 eyes of draining
  8 ogres
  14 crocodiles
  5 centaurs
  25 giant frogs
  Blork the orc (D:7)
  4 big kobolds
  A water moccasin zombie (Ossuary)
  18 killer bees
  A wyvern skeleton (D:12)
  2 scorpions
  3 wights (D:12)
  2 goliath beetles
  10 crimson imps
  A quasit (D:9)
  40 orc wizards
  4 giant frog zombies
  6 jellies
  33 orc priests
  A spectral orc (Lair:3)
  3 giant frog skeletons
  12 hounds
  10 worker ants
  16 hell rats
  8 iguanas
  2 killer bee zombies
  5 big kobold zombies (Ossuary)
  2 mummies (Ossuary)
  Robin (D:2)
  4 gnolls (D:7)
  28 river rats
  22 adders
  11 giant mites
  2 shadow imps
  A worm (D:2)
  5 adder zombies
  13 oozes
  210 orcs
  A bat skeleton (D:8)
  17 giant cockroaches
  29 goblins
  20 hobgoblins
  9 jackals
  10 quokkas
  11 ball pythons
  22 bats
  8 giant geckos
  15 giant newts
  3 giant spores
  3 gnoll zombies (Ossuary)
  30 kobolds
  8 kobold zombies (Ossuary)
  3 orc zombies
  22 rats
  11 ballistomycetes
  A bush (Lair:8)
  A butterfly (Lair:6)
  4 crawling corpses
  10 fungi
  8 plants
1415 creatures vanquished.

Vanquished Creatures (others)
  2 deep elf master archers (Elf:3)
  A yaktaur (D:15)
  3 slaves (D:9)
  A big kobold (D:9)
  A jelly (D:14)
  An orc wizard (D:10)
  An orc (Orc:1)
  2 goblins
  A kobold (D:10)
  2 giant spores
  3 ballistomycetes (D:14)
  A butterfly (D:14)
  3 fungi
22 creatures vanquished.

Grand Total: 1437 creatures vanquished

Notes
Turn   | Place    | Note
--------------------------------------------------------------
     0 | D:1      | Herrn, the Formicid Fighter, began the quest for the Orb.
     0 | D:1      | Reached XP level 1. HP: 18/18 MP: 1/1
    85 | D:1      | Found a glowing golden altar of the Shining One.
   117 | D:1      | Reached XP level 2. HP: 18/24 MP: 3/3
   315 | D:1      | Reached XP level 3. HP: 22/29 MP: 4/4
   518 | D:1      | Reached skill level 4 in Shields
   634 | D:2      | Found an iron altar of Okawaru.
   640 | D:2      | Became a worshipper of Warmaster Okawaru
   725 | D:2      | Reached XP level 4. HP: 30/37 MP: 5/5
   851 | D:2      | Found a glowing golden altar of the Shining One.
  1070 | D:2      | Noticed Robin
  1085 | D:2      | Killed Robin
  1202 | D:3      | Found a glowing drain.
  1207 | Sewer    | Entered a sewer
  1309 | Sewer    | Reached skill level 1 in Dodging
  1309 | Sewer    | Reached XP level 5. HP: 29/42 MP: 7/7
  1677 | Sewer    | Reached XP level 6. HP: 48/48 MP: 8/8
  1726 | Sewer    | Noticed a giant frog
  1726 | Sewer    | Noticed a giant frog
  1732 | Sewer    | Killed a giant frog
  1737 | Sewer    | Killed a giant frog
  1904 | D:3      | Reached skill level 5 in Shields
  2031 | D:3      | Acquired Okawaru's first power
  2031 | D:3      | Reached XP level 7. HP: 55/55 MP: 9/9
  2592 | D:4      | Found a sand-covered staircase.
  2597 | Ossuary  | Entered an ossuary
  3229 | D:4      | Found a shadowy altar of Dithmenos.
  3277 | D:4      | Reached XP level 8. HP: 59/61 MP: 11/11
  3279 | D:4      | Reached skill level 5 in Axes
  3316 | D:4      | Found a stormy altar of Qazlal.
  3324 | D:4      | Reached skill level 6 in Shields
  3472 | D:4      | Reached skill level 5 in Fighting
  3783 | D:5      | Entered Level 5 of the Dungeon
  3791 | D:5      | Reached skill level 5 in Armour
  4477 | D:6      | Reached skill level 1 in Invocations
  4493 | D:6      | Found a radiant altar of Vehumet.
  4605 | D:6      | Found a white marble altar of Elyvilon.
  5260 | D:7      | Reached XP level 9. HP: 46/68 MP: 15/15
  5413 | D:7      | Noticed a wandering mushroom
  5413 | D:7      | a giant spore changed into a wandering mushroom
  5424 | D:7      | Killed a wandering mushroom
  5555 | D:7      | Found a blossoming altar of Fedhas.
  5569 | D:7      | Noticed Blork the orc
  5579 | D:7      | Killed Blork the orc
  5699 | D:7      | Found a staircase to the Ecumenical Temple.
  5709 | Temple   | Entered the Ecumenical Temple
  5859 | D:7      | Reached skill level 7 in Shields
  6329 | D:8      | Reached XP level 10. HP: 39/76 MP: 19/19
  6515 | D:8      | Found a staircase to the Lair.
  6679 | D:8      | Reached skill level 8 in Axes
  6919 | D:9      | Reached skill level 5 in Invocations
  7309 | D:9      | Noticed Joseph
  7323 | D:9      | Killed Joseph
  7545 | D:9      | Noticed Pikel
  7571 | D:9      | Killed Pikel
  7694 | D:9      | Reached skill level 9 in Axes
  7816 | D:9      | Noticed a manticore
  7835 | D:9      | HP: 1/77 [manticore (9)]
  7837 | D:9      | Killed a manticore
  7837 | D:9      | Acquired Okawaru's second power
  8344 | D:9      | Noticed Prince Ribbit
  8351 | D:9      | Reached XP level 11. HP: 58/83 MP: 20/23
  8359 | D:9      | Killed Prince Ribbit
  8359 | D:9      | Received a gift from Okawaru
  8359 | D:9      | Reached skill level 5 in Dodging
  8905 | D:10     | Entered Level 10 of the Dungeon
  9081 | D:10     | Reached skill level 10 in Axes
  9357 | D:10     | Noticed Erica
  9370 | D:10     | Killed Erica
  9774 | D:10     | Noticed a hill giant
  9781 | D:10     | Killed a hill giant
 10225 | D:11     | Received a gift from Okawaru
 10235 | D:11     | Got a crude robe {god gift}
 10471 | D:11     | Noticed a white ugly thing
 10501 | D:11     | Noticed an unseen horror
 10506 | D:11     | Noticed a sun demon
 10507 | D:11     | Reached skill level 11 in Axes
 10508 | D:11     | Killed an unseen horror
 10511 | D:11     | Killed a white ugly thing
 10515 | D:11     | Reached XP level 12. HP: 63/92 MP: 25/25
 10815 | D:11     | Found a staircase to the Orcish Mines.
 10850 | D:11     | Noticed Maurice
 10872 | D:11     | Killed Maurice
 10897 | D:11     | Identified the +1 robe of the Many Souls {+Fly rPois MP+9 Int-4} (Okawaru gifted it to you on level 11 of the Dungeon)
 12096 | D:12     | Reached skill level 12 in Axes
 12106 | D:12     | Reached skill level 10 in Shields
 12132 | D:12     | Found Tuer's Magic Scroll Shoppe.
 12137 | D:12     | Bought a scroll of identify for 28 gold pieces
 12137 | D:12     | Bought a scroll of identify for 28 gold pieces
 12137 | D:12     | Bought a scroll of identify for 28 gold pieces
 12137 | D:12     | Bought a scroll of identify for 28 gold pieces
 12218 | D:12     | Noticed a six-headed hydra
 12228 | D:12     | Killed a one-headed hydra
 13139 | D:12     | Received a gift from Okawaru
 13140 | D:12     | Got a jewelled war axe {god gift}
 13228 | D:12     | Identified the +0 war axe "Bocorhon" {chop, MR+} (Okawaru gifted it to you on level 12 of the Dungeon)
 13336 | D:13     | Found a gate to the Vaults.
 13336 | D:13     | Noticed a skeletal warrior
 13336 | D:13     | Noticed Donald
 13336 | D:13     | Noticed Rupert
 13858 | D:13     | Reached XP level 13. HP: 89/101 MP: 26/26
 13884 | D:13     | Reached skill level 13 in Axes
 13932 | D:13     | Received a gift from Okawaru
 13933 | D:13     | Killed Donald
 13971 | D:13     | Killed a skeletal warrior
 14049 | D:13     | Killed Rupert
 14049 | D:13     | Received a gift from Okawaru
 14217 | D:13     | Got a tiger eye-studded chain mail
 14228 | D:13     | Identified the +12 chain mail "Gawkosm" {rCorr Str+5} (You found it on level 13 of the Dungeon)
 14259 | D:13     | Learned a level 3 spell: Recall
 14339 | D:13     | Found a stormy altar of Qazlal.
 14347 | D:13     | Reached skill level 14 in Axes
 14414 | D:13     | Reached skill level 10 in Fighting
 14468 | D:13     | Found a shadowy altar of Dithmenos.
 14680 | D:14     | Found a flickering gateway to a bazaar.
 14686 | D:14     | Found Ziela's General Store.
 14721 | Bazaar   | Entered a bazaar
 14721 | Bazaar   | Found Qegoapat's Antique Weapon Shop.
 14728 | Bazaar   | Found Psean's Antique Armour Shop.
 14757 | Bazaar   | Found Treoxt's Antique Weapon Shoppe.
 14765 | Bazaar   | Found Putiecidgh's Gadget Shop.
 14809 | Bazaar   | Bought a twisted plate armour for 560 gold pieces
 14819 | Bazaar   | Identified the +8 plate armour of Ile Shov {+Inv MP-9 SInv} (You bought it in a shop in a bazaar)
 14889 | D:14     | Reached skill level 1 in Spellcasting
 14940 | D:14     | Reached skill level 1 in Summonings
 15023 | D:14     | Found a one-way gate to the infinite horrors of the Abyss.
 15491 | D:14     | Reached XP level 14. HP: 97/111 MP: 27/27
 15659 | D:15     | Entered Level 15 of the Dungeon
 15739 | D:15     | Received a gift from Okawaru
 16337 | D:15     | Found a staircase to the Depths.
 16992 | D:15     | Reached skill level 15 in Axes
 17192 | Orc:1    | Entered Level 1 of the Orcish Mines
 17361 | Orc:1    | Received a gift from Okawaru
 17915 | Orc:3    | Noticed Nessos
 17923 | Orc:3    | Found a staircase to the Elven Halls.
 17977 | Orc:3    | Killed Nessos
 18178 | Orc:2    | Found Putheowk's Antique Weapon Boutique.
 18840 | Orc:4    | Entered Level 4 of the Orcish Mines
 18863 | Orc:4    | Found a labyrinth entrance.
 18885 | Lab      | Entered a labyrinth
 20354 | Orc:4    | Found Tafrac's Assorted Antiques.
 20354 | Orc:4    | Found Qieran's Assorted Antiques.
 20359 | Orc:4    | Found Esua's Magic Scroll Boutique.
 20367 | Orc:4    | Reached XP level 15. HP: 111/119 MP: 25/28
 20455 | Orc:4    | Found Catanab's Book Boutique.
 20490 | Orc:4    | Bought a scroll of magic mapping for 59 gold pieces
 20491 | Orc:4    | Bought a runed glass wand for 112 gold pieces
 20491 | Orc:4    | Bought a murky golden potion for 25 gold pieces
 20497 | Orc:4    | Bought a crude cloak for 247 gold pieces
 20507 | Orc:4    | Identified the +2 cloak of the Komtur {rElec MP+9 Stlth+} (You bought it in a shop on level 4 of the Orcish Mines)
 20794 | Lair:1   | Entered Level 1 of the Lair of Beasts
 20857 | Lair:1   | Received a gift from Okawaru
 21592 | Lair:2   | Reached skill level 10 in Armour
 22446 | Lair:3   | Found a staircase to the Shoals.
 22449 | Lair:3   | Noticed Nergalle
 22457 | Lair:3   | Killed Nergalle
 22751 | Lair:3   | Found a staircase to the Snake Pit.
 22868 | Lair:3   | Noticed Harold
 22879 | Lair:3   | Killed Harold
 22956 | Lair:3   | Noticed Fannar
 22969 | Lair:3   | Killed Fannar
 23254 | Lair:3   | Reached skill level 5 in Summonings
 23614 | Lair:4   | Noticed Snorg
 23625 | Lair:4   | Killed Snorg
 23750 | Lair:4   | Got a bloodstained halberd
 24171 | Lair:5   | Received a gift from Okawaru
 24184 | Lair:5   | Reached skill level 16 in Axes
 25255 | Lair:6   | Reached XP level 16. HP: 128/128 MP: 29/29
 25264 | Lair:6   | Learned a level 5 spell: Summon Forest
 25362 | Lair:6   | Reached skill level 5 in Spellcasting
 25992 | Lair:7   | Found a staircase to the Slime Pits.
 26052 | Lair:7   | Identified the +9 halberd "Tenud" {chop, rElec} (You found it on level 4 of the Lair of Beasts)
 26427 | Lair:8   | Entered Level 8 of the Lair of Beasts
 26759 | Lair:8   | Received a gift from Okawaru
 27097 | Lair:8   | Received a gift from Okawaru
 27885 | Lair:8   | Got a jacinth-encrusted scale mail
 28260 | Lair:8   | Identified the cursed +1 scale mail "Stiqup" {Str+3 Slay+2} (You found it on level 8 of the Lair of Beasts)
 28598 | Elf:1    | Entered Level 1 of the Elven Halls
 28937 | Elf:1    | Noticed a Hell Sentinel
 28939 | Elf:1    | Reached XP level 17. HP: 133/136 MP: 31/31
 29177 | Elf:1    | Identified Mnuzxuegh's Reference Book on Summoning
 29511 | Elf:1    | Received a gift from Okawaru
 29538 | Elf:1    | Learned a level 1 spell: Summon Butterflies
 29545 | Elf:1    | Learned a level 6 spell: Monstrous Menagerie
 29586 | Elf:1    | Found a burning altar of Makhleb.
 30030 | Elf:2    | Noticed Agnes
 30035 | Elf:2    | Killed Agnes
 30466 | Elf:2    | Found a huge runed gate.
 30466 | Elf:2    | Found a huge runed gate.
 30467 | Elf:2    | Found a huge runed gate.
 30467 | Elf:2    | Found a huge runed gate.
 30467 | Elf:2    | Found a huge runed gate.
 30901 | Elf:2    | Noticed Nikola
 30922 | Elf:2    | Killed Nikola
 31631 | Elf:2    | Reached skill level 17 in Axes
 31659 | Elf:3    | Entered Level 3 of the Elven Halls
 31705 | Elf:3    | Found Dur Lea's Weapon Emporium.
 31967 | Elf:3    | Reached XP level 18. HP: 128/146 MP: 32/32
 32011 | Elf:3    | Noticed a deep elf blademaster
 32021 | Elf:3    | Killed a deep elf blademaster
 32021 | Elf:3    | Received a gift from Okawaru
 32029 | Elf:3    | Got an ichor-stained robe {god gift}
 32208 | Elf:3    | Identified the +1 robe of Parts Unknown {Int+6} (Okawaru gifted it to you on level 3 of the Elven Halls)
 32344 | Elf:3    | Noticed a deep elf blademaster
 32366 | Elf:3    | Killed a deep elf blademaster
 32366 | Elf:3    | Reached skill level 15 in Shields
 32400 | Elf:3    | Got a sparkling bronze ring
 32404 | Elf:3    | Identified the ring of Thraokoq {+/*Tele rElec Dex+3 Stlth+} (You took it off a deep elf blademaster on level 3 of the Elven Halls)
 32803 | Elf:3    | Got a wavering amethyst amulet
 32935 | Elf:3    | Identified the amulet "Zeiro" {Stasis rPois Int-2 Dex+4} (You took it off a deep elf demonologist on level 3 of the Elven Halls)
 32957 | Elf:3    | Got an encrusted scythe {venom}
 32958 | Elf:3    | Identified the cursed +3 scythe of Currency {venom, +Fly Str-2 SInv Stlth+} (You took it off a deep elf demonologist on level 3 of the Elven Halls)
 32959 | Elf:3    | Got a faintly glowing rapier {flame}
 32959 | Elf:3    | Got a transparent long sword
 32961 | Elf:3    | Identified the +7 rapier of Hatred {flame, +Inv rC- rN+++ Dex+2} (You took it off a deep elf annihilator on level 3 of the Elven Halls)
 32962 | Elf:3    | Identified the +9 long sword of Brutal Revenge {slice, +Inv Dex+4} (You took it off a deep elf demonologist on level 3 of the Elven Halls)
 33176 | Elf:3    | Noticed a deep elf master archer
 33187 | Elf:3    | Killed a deep elf master archer
 33326 | Elf:3    | Got an iridescent spear
 33582 | Elf:3    | Noticed a deep elf master archer
 33585 | Elf:3    | Killed a deep elf master archer
 33617 | Elf:3    | Identified the +0 spear "Newt's Demise" {elec, Str+4} (You took it off a deep elf fighter on level 3 of the Elven Halls)
 33996 | Elf:3    | Received a gift from Okawaru
 34298 | Elf:3    | Noticed Wiglaf
 34311 | Elf:3    | Killed Wiglaf
 35111 | Depths:1 | Entered Level 1 of the Depths
 35432 | D:15     | HP: 4/148 [poisoned by an emperor scorpion]
 35998 | Depths:1 | Received a gift from Okawaru
 35998 | Depths:1 | Reached skill level 15 in Fighting
 36400 | Depths:1 | Reached XP level 19. HP: 148/155 MP: 32/32
 37156 | Depths:1 | Received a gift from Okawaru
 37159 | Depths:1 | Got a pair of heavily runed gloves {god gift}
 37173 | Depths:1 | Identified the +0 pair of gloves "Bukaleng" {rElec rPois rF- Stlth+} (Okawaru gifted it to you on level 1 of the Depths)
 38205 | Depths:1 | Gained mutation: You are robust (+10% HP). [a shining eye]
 38270 | Depths:1 | Reached skill level 10 in Dodging
 38285 | Depths:1 | Killed from afar by a spriggan air mage

Action                   |  1- 3 |  4- 6 |  7- 9 | 10-12 | 13-15 | 16-18 | 19-21 || total
-------------------------+-------+-------+-------+-------+-------+-------+-------++-------
Melee: War axe           |    85 |   271 |   503 |   671 |    15 |    25 |       ||  1570
       Hand axe          |       |       |       |    10 |       |       |       ||    10
       Battleaxe         |       |       |       |    52 |  1047 |  1047 |   195 ||  2341
       Unarmed           |       |       |       |     2 |       |     3 |       ||     5
Invok: Heroism           |       |       |     1 |    10 |    11 |    14 |     6 ||    42
 Abil: Dig               |     1 |     1 |     2 |     8 |     7 |     5 |       ||    24
Evoke: Wand              |       |       |     2 |     1 |     5 |       |       ||     8
  Use: Potion            |       |     1 |       |     7 |     1 |    11 |       ||    20
       Scroll            |       |       |     9 |     8 |    13 |     6 |       ||    36
 Stab: Invisible         |       |       |       |       |       |     1 |       ||     1
       Distracted        |       |       |       |       |       |     1 |       ||     1
  Eat: Chunk             |       |     4 |    11 |    25 |    35 |    28 |       ||   103
       Beef jerky        |       |       |     2 |       |       |       |       ||     2
       Pizza             |       |       |     1 |       |     2 |     1 |       ||     4
       Fruit             |       |       |       |     1 |     3 |    12 |    12 ||    28
